 Dungeon Crawl Stone Soup version 0.31-a0-1-g4198be8af4 (webtiles) character file.

Game seed: 17589746336322247835

59945 Mesmaeker13 the Martial Artist (level 14, -2/124 HPs)
             Began as an Octopode Transmuter on May 1, 2023.
             Was the Champion of Wu Jian.
             Slain by Snorg (18 damage)
             ... on level 1 of the Orcish Mines.
             The game lasted 00:45:34 (24587 turns).

Mesmaeker13 the Martial Artist (OpTm)              Turns: 24587, Time: 00:45:34

Health: -2/124     AC: 12    Str: 11    XL:     14   Next: 97%
Magic:  33/34      EV: 10    Int: 18    God:    Wu Jian [******]
Gold:   1834       SH:  0    Dex: 13    Spells: 10/28 levels left

rFire   x . .        Q - melded staff of cold "Gijeitak" {rElec rC+ Will++ rCorr Str-3}
rCold   + + +        (shield currently unavailable)
rNeg    . . .        b - melded +1 hat
rPois   +            D - amulet of the acrobat
rElec   .            P - ring of magical power
rCorr   .            e - ring of poison resistance
SInv    .            (no ring)
Will    +....        (no ring)
Stlth   +            (no ring)
HPRegen 0.40/turn    (no ring)
MPRegen 0.24/turn    (no ring)
                     (no ring)

%: acrobat
@: ice-form, wereblooded, invisible (expiring)
A: freezing attack, boosted hp, almost no armour, amphibious, 8 rings, large,
(camouflage 1), (gelatinous body 1), (nimble swimmer 1), (tentacles)
a: End Transformation, Renounce Religion, Wall Jump, Serpent's Lash, Heavenly
Storm


You were on level 1 of the Orcish Mines.
You worshipped Wu Jian.
Wu Jian was exalted by your worship.
You were a creature of crystalline ice.
You visited 4 branches of the dungeon, and saw 21 of its levels.
You also visited: Sewer.

You collected 1890 gold pieces.
You spent 56 gold pieces at shops.

Inventory:

Hand Weapons
 F - the +8 whip "Snakebite" {venom, curare, rPois}
   (You found it on level 1 of the Lair of Beasts)

   rPois:     It protects you from poison.
Missiles
 w - 7 curare-tipped darts (quivered)
 x - 3 throwing nets
Armour
 b - a +1 hat (melded)
Magical Staves
 Q - the staff of cold "Gijeitak" (melded) {rElec rC+ Will++ rCorr Str-3}
   (You found it on level 5 of the Lair of Beasts)

   [staff of cold]

   Base accuracy: +5 Base damage: 5 Base attack delay: 1.2 This weapon's minimum
   attack delay (0.6) is reached at skill level 12.
   Str:       It affects your strength (-3).
   rC:        It protects you from cold.
   rElec:     It insulates you from electricity.
   rCorr:     It protects you from acid and corrosion.
   Will:      It greatly increases your willpower.
   It falls into the 'Staves' category.
   It is a one-tentacled weapon.
Jewellery
 d - a ring of ice
 e - a ring of poison resistance (right front paw)
 D - an amulet of the acrobat (around neck)
 G - an amulet of reflection
 P - a ring of magical power (left front paw)
Wands
 g - a wand of mindburst (8)
 p - a wand of flame (30)
 y - a wand of roots (6)
 A - a wand of charming (5)
Scrolls
 c - a scroll of teleportation
 f - a scroll of poison
 i - 3 scrolls of fog
 k - a scroll of silence
 l - a scroll of butterflies
 o - 3 scrolls of fear
 r - a scroll of immolation
 t - 2 scrolls of magic mapping
 u - a scroll of identify
Potions
 a - 4 potions of lignification
 h - 2 potions of ambrosia
 j - 5 potions of curing
 m - 6 potions of attraction
 n - 3 potions of haste
 q - 5 potions of mutation
 s - a potion of cancellation
 B - a potion of invisibility
 E - 4 potions of magic
 H - 2 potions of resistance
 L - a potion of flight
 M - 3 potions of brilliance
 N - a potion of berserk rage


   Skills:
 + Level 12.6 Fighting
 - Level 2.0 Dodging
 + Level 13.0 Unarmed Combat
 - Level 7.7 Spellcasting
 + Level 7.1 Summonings
 + Level 1.0 Translocations
 + Level 12.8 Transmutations
 - Level 10.0 Ice Magic


You had 10 spell levels left.
You knew the following spells:

 Your Spells              Type           Power      Damage    Failure   Level
a - Summon Forest         Summ/Tloc      10%        N/A       45%         5
b - Wereblood             Tmut           52%        N/A       1%          2
c - Ice Form              Ice/Tmut       48%        N/A       1%          4
d - Frozen Ramparts       Ice            84%        1d13      1%          3
e - Summon Ice Beast      Ice/Summ       37%        N/A       3%          4

Your spell library contained the following spells:

 Spells                   Type           Power      Damage    Failure   Level
 Beastly Appendage        Tmut           100%       N/A       1%          1
 Sting                    Tmut/Pois      100%       1d8       1%          1
 Call Imp                 Summ           64%        N/A       1%          2
 Spider Form              Tmut/Pois      30%        N/A       2%          3
 Magic Dart               Conj           24%        1d4       10%         1
 Shock                    Conj/Air       24%        1d4       10%         1
 Cigotuvi's Dreadful Rot  Necr/Pois/Air  12%        N/A       16%         2
 Poisonous Vapours        Pois/Air       12%        N/A       16%         2
 Yara's Violent Unravell  Hex/Tmut       15%        3d8       21%         5
 Inner Flame              Hex/Fire       6%         N/A       30%         3
 Mephitic Cloud           Conj/Pois/Air  6%         N/A       30%         3
 Summon Mana Viper        Hex/Summ       19%        N/A       54%         5
 Freezing Cloud           Conj/Ice/Air   9%         6-21      56%         5
 Summon Cactus Giant      Summ           16%        N/A       63%         6
 Dispel Undead            Necr           6%         3d8       69%         4
 Flame Wave               Conj/Fire      6%         2d5       69%         4
 Olgreb's Toxic Radiance  Pois           6%         N/A       69%         4
 Sticky Flame             Conj/Fire      6%         2d3       69%         4
 Death Channel            Necr           3%         N/A       100%        6
 Enfeeble                 Hex            3%         N/A       100%        7


Dungeon Overview and Level Annotations

Branches:
Dungeon (13/15)            Temple (1/1) D:5            Lair (5/5) D:10
 Shoals (0/4) Lair:3       Spider (0/4) Lair:2        Slime (0/5) Lair:4
    Orc (2/2) D:10            Elf (0/3) Orc:2         Sewer (visited)
 Vaults: D:13-14

Altars:
Ashenzari
Cheibriados
Elyvilon
Fedhas
Gozag
Hepliaklqana
Kikubaaqudgha
Nemelex Xobeh
Okawaru
Ru
Sif Muna
Trog
Uskayaw
Vehumet
Wu Jian
Xom
Yredelemnul
Zin
The Shining One
Jiyva

Shops:
D:1 [

Annotations:
D:3 9 exclusions
D:13 exclusion: door
Lair:1 2 exclusions
Lair:2 2 transporters, stickyfingers's ghost, journeyman VSDe
Lair:5 3 runed translucent doors, GrimJard's ghost, journeyman FoFi
Orc:1 3 runed translucent doors, Joaw's ghost, journeyman GrFi; Snorg; Unetz's ghost, adept VSCj; Wohej's ghost, journeyman DsFi
Orc:2 Urug


Innate Abilities, Weirdness & Mutations

You are a creature of crystalline ice.
You have a powerful freezing melee attack.
Your maximum health is increased.
Your armour is entirely melded.
You are incapable of wielding weapons or throwing items.
You cannot wear most types of armour.
You are amphibious.
You can wear up to eight rings at the same time.
((Your skin changes colour to match your surroundings (Stealth+).))
((Your rubbery body absorbs attacks. (AC +1, EV +1)))
((You are camouflaged when in or above water. (Stealth+)))
((You have tentacles for arms and can constrict up to eight enemies at once.))


Message History

You kill the orc!
The Council accepts your kill. The orc warrior closely misses you.
You catch the helpless orc warrior completely off-guard!
You punch the orc warrior! You freeze the orc warrior.
The orc warrior is severely wounded.
The orc warrior hits you with a +0 hand axe!
Snorg misses you. Snorg claws you. Snorg claws you!
You punch the orc warrior! You freeze the orc warrior.
The orc warrior is almost dead.
You howl as the wereblood boils in your veins!
Snorg goes berserk!
The orc warrior closely misses you.
You hit the orc warrior. You freeze the orc warrior.
You feel a bit better.
You kill the orc warrior!
The Council accepts your kill.
Your Translocations skill increases to level 1!
You hit Snorg. You freeze Snorg.
Snorg is lightly wounded.
Snorg bites you but does no damage. Snorg closely misses you.
Snorg claws you but does no damage.
You pummel Snorg!! You freeze Snorg.
Snorg is lightly wounded.
Snorg barely misses you. Snorg closely misses you. x2
You pummel Snorg!! You freeze Snorg!
Snorg is moderately wounded.
Snorg barely misses you. Snorg claws you! x2
* * * LOW HITPOINT WARNING * * *
You punch Snorg! You freeze Snorg.
Snorg is heavily wounded.
You flicker for a moment.
Snorg barely misses you. x2; Snorg closely misses you. x2
Snorg barely misses you. x2
You punch Snorg! You freeze Snorg.
Snorg is heavily wounded.
Snorg bites you!!
* * * LOW HITPOINT WARNING * * *
Snorg barely misses you. Snorg claws you!
* * * LOW HITPOINT WARNING * * *
You feel much better. Snorg barely misses you. Snorg claws you!!
You die...

###..)........#.......#.#
###......#......###.....###
#.#......#...#..#.###...#
##......).....#.....##.###
.#...###.[...##.#...##.#
.....####.[######....###
......##....)##......#
#.........#..[#.)T..##
...#......#.....Y.###
#.##....####....).#
####...## ########
##...##♣⌠♣.## #....#W...8#
##....#W....?
###.....+W....?
##.#.....+.....8
#........+......


You could see Snorg (berserk, unable to see you).

Vanquished Creatures
  Josephine (D:11)
  2 hydras
  Fannar (Lair:3)
  2 boulder beetles
  4 two-headed ogres
  2 skysharks (Lair:5)
  A pharaoh ant (Lair:2)
  A goliath frog (Lair:5)
  Lodul (D:10)
  Pikel (D:4)
  An orc knight (Orc:1)
  2 ugly things
  A deep elf pyromancer (D:13)
  An orc sorcerer (Orc:1)
  2 manticores (D:12)
  A cyclops (D:13)
  Maurice (D:8)
  9 elephants (Lair:2)
  2 black mambas (Lair:5)
  2 gargoyles
  23 cane toads
  6 rime drakes
  An unseen horror (D:13)
  A kobold demonologist (D:10)
  2 komodo dragons (Lair:5)
  3 polar bears
  A tarantella (Lair:2)
  Prince Ribbit (D:5)
  3 trolls
  A wind drake (Lair:3)
  Grinder (D:3)
  16 blink frogs
  3 dream sheep (Lair:5)
  A jumping spider (Lair:2)
  6 wraiths
  A shadow (D:9)
  12 wyverns
  4 slime creatures (D:13)
  38 yaks
  Eustachio (D:5)
  9 basilisks
  A redback (Lair:2)
  A warg (Orc:1)
  21 vampire mosquitoes
  An acid dragon (D:10)
  15 water moccasins
  Duvessa (D:5)
  A hell hound (Lair:3)
  A sky beast (D:7)
  6 orc warriors
  3 black bears
  An ice beast (D:6)
  6 ogres (D:10)
  10 wolves
  2 centaurs
  3 lemures (D:4)
  3 phantoms
  A kobold brigand (D:7)
  17 bullfrogs
  5 gnoll sergeants
  2 scorpions
  11 wights
  Dowan (D:5)
  3 killer bees (D:9)
  An electric eel (Lair:5)
  7 howler monkeys
  A crimson imp (D:4)
  7 hounds
  2 jellies (Lair:4)
  3 gnoll boudas (D:8)
  5 orc priests
  Jessica (D:2)
  2 sleepcaps
  2 iguanas (D:5)
  12 orc wizards
  A hell rat (Lair:3)
  19 gnolls
  8 adders
  A shadow imp (D:8)
  2 white imps
  An ufetubus (D:7)
  4 dart slugs
  30 orcs
  10 ball pythons
  6 endoplasms
  14 giant cockroaches
  6 goblins
  6 hobgoblins
  6 jackals
  10 kobolds
  7 quokkas
  3 bats
  10 frilled lizards
  7 rats
482 creatures vanquished.

Vanquished Creatures (collateral kills)
  A hydra (Lair:3)
  A boulder beetle (Lair:5)
  A skyshark (Lair:5)
  A goliath frog (Lair:5)
  A deep elf pyromancer (D:12)
  2 manticores
  2 black mambas
  2 cane toads (Lair:5)
  A tyrant leech (Lair:5)
  3 blink frogs (Lair:5)
  3 dream sheep (Lair:5)
  A slime creature (Lair:4)
  4 yaks
  A basilisk (Lair:3)
  A bullfrog (Lair:5)
  A hound (D:8)
  A jelly (Lair:4)
  An orc wizard (D:8)
  5 gnolls (D:8)
  3 orcs
  A jackal (D:8)
37 creatures vanquished.

Vanquished Creatures (others)
  A cane toad (Lair:5)
  A yak (Lair:5)
  A wolf (D:8)
  A gnoll (D:8)
  66 fungi
  140 plants
210 creatures vanquished.

Grand Total: 729 creatures vanquished

Notes
Turn   | Place    | Note
-------+----------+-------------------------------------------
     0 | D:1      | Mesmaeker13 the Octopode Transmuter began the quest for the
                  | Orb.
     0 | D:1      | Reached XP level 1. HP: 13/13 MP: 3/3
    91 | D:1      | You fall into a shaft and drop 1 floor!
   102 | D:1      | Found Icrohi's Armour Shop.
   357 | D:1      | Reached XP level 2. HP: 18/18 MP: 5/5
   418 | D:1      | Learned a level 2 spell: Wereblood
   819 | D:2      | Found a radiant altar of Vehumet.
   825 | D:2      | Noticed Jessica
   832 | D:2      | Killed Jessica
   833 | D:2      | Reached XP level 3. HP: 16/24 MP: 4/6
  1271 | D:3      | Reached XP level 4. HP: 23/29 MP: 5/7
  1280 | D:3      | Learned a level 4 spell: Ice Form
  1301 | D:3      | Noticed Grinder
  1836 | D:3      | Found a sparkling altar of Nemelex Xobeh.
  1910 | D:3      | Found an opulent altar of Gozag.
  2099 | D:4      | Found a bloodstained altar of Trog.
  2099 | D:4      | Found the +4 skin of Zhor {*Englaciate rC+++ SInv}
  2330 | D:4      | Reached skill level 1 in Ice Magic
  2330 | D:4      | Reached XP level 5. HP: 24/35 MP: 5/8
  2395 | D:4      | Noticed a black bear
  2420 | D:4      | Reached skill level 4 in Unarmed Combat
  2477 | D:4      | Noticed a lemure
  2518 | D:5      | Entered Level 5 of the Dungeon
  2518 | D:5      | Noticed Duvessa
  2518 | D:5      | Noticed Dowan
  2624 | D:5      | Noticed Eustachio
  2705 | D:5      | Killed Eustachio
  2706 | D:5      | Reached XP level 6. HP: 42/42 MP: 9/9
  2754 | D:5      | Found a glowing drain.
  2787 | Sewer    | Entered a sewer
  2968 | Sewer    | Reached XP level 7. HP: 36/46 MP: 6/10
  3071 | Sewer    | Got the Tome of Arcane Weapons
  3217 | D:5      | Found a radiant altar of Vehumet.
  3220 | D:5      | Found a staircase to the Ecumenical Temple.
  3236 | Temple   | Entered the Ecumenical Temple
  3244 | Temple   | Became a worshipper of the Wu Jian Council
  3283 | D:5      | Reached skill level 5 in Unarmed Combat
  3329 | D:5      | Noticed Prince Ribbit
  3633 | D:5      | Killed Duvessa
  3634 | D:5      | Reached skill level 5 in Transmutations
  3634 | D:5      | Reached XP level 8. HP: 30/54 MP: 9/11
  3637 | D:5      | Killed Dowan
  4840 | D:4      | Noticed Pikel
  4858 | D:4      | Killed Pikel
  4859 | D:4      | Reached skill level 5 in Fighting
  4859 | D:4      | Reached skill level 6 in Unarmed Combat
  4932 | D:4      | Reached skill level 5 in Ice Magic
  4932 | D:4      | Reached XP level 9. HP: 58/61 MP: 12/12
  5084 | D:4      | Found a glowing golden altar of the Shining One.
  5229 | D:3      | Killed Grinder
  5465 | D:5      | Killed Prince Ribbit
  5672 | D:6      | Reached * piety under Wu Jian
  5817 | D:6      | Found a snail-covered altar of Cheibriados.
  5820 | D:6      | Found a shimmering blue altar of Sif Muna.
  5825 | D:6      | Found a sacrificial altar of Ru.
  6030 | D:6      | Reached skill level 7 in Unarmed Combat
  7110 | D:8      | Found a basalt altar of Yredelemnul.
  7218 | D:8      | Noticed Maurice
  7233 | D:8      | Killed Maurice
  7234 | D:8      | Reached XP level 10. HP: 51/71 MP: 9/13
  7500 | D:8      | Reached ** piety under Wu Jian
  7738 | D:8      | Reached skill level 8 in Unarmed Combat
  7983 | D:1      | Bought a +0 hat for 56 gold pieces
  8570 | D:9      | Noticed a two-headed ogre
  8596 | D:9      | Learned a level 3 spell: Frozen Ramparts
  8616 | D:9      | Noticed a two-headed ogre
  8625 | D:9      | Killed a two-headed ogre
  8847 | D:9      | Killed a two-headed ogre
  8926 | D:9      | Reached *** piety under Wu Jian
  9228 | D:9      | Reached XP level 11. HP: 77/77 MP: 7/14
  9501 | D:10     | Entered Level 10 of the Dungeon
  9566 | D:10     | Reached skill level 9 in Unarmed Combat
  9837 | D:10     | Reached **** piety under Wu Jian
  9972 | D:10     | Found a hazy altar of Hepliaklqana.
 10032 | D:10     | Found a staircase to the Lair.
 10141 | D:10     | Found a staircase to the Orcish Mines.
 10636 | D:10     | Noticed Lodul
 10647 | D:10     | Killed Lodul
 11028 | Lair:1   | Entered Level 1 of the Lair of Beasts
 11420 | Lair:1   | Reached skill level 10 in Unarmed Combat
 11578 | Lair:1   | Found a dark tunnel.
 11579 | Lair:1   | Noticed a lindwurm
 11803 | Lair:1   | Reached XP level 12. HP: 86/86 MP: 6/15
 12321 | Lair:1   | Found the +8 whip "Snakebite" {venom, curare, rPois}
 12399 | Lair:2   | Found a hole to the Spider Nest.
 12410 | Lair:1   | Reached skill level 10 in Transmutations
 12853 | Lair:2   | Found a transporter.
 13017 | Lair:2   | Found a transporter.
 13017 | Lair:2   | Noticed stickyfingers's ghost (journeyman VSDe)
 13039 | Lair:2   | Reached skill level 10 in Fighting
 13552 | Lair:2   | Reached skill level 10 in Ice Magic
 13779 | Lair:2   | Identified the +11 whip of Dithmenos, Uplifting {spect,
                  | rElec}
 14314 | Lair:2   | Learned a level 4 spell: Summon Ice Beast
 14688 | Lair:2   | Reached skill level 11 in Unarmed Combat
 14707 | Lair:3   | Reached skill level 1 in Summonings
 14928 | Lair:3   | Reached XP level 13. HP: 66/93 MP: 19/19
 15601 | Lair:3   | Reached skill level 5 in Spellcasting
 15644 | Lair:3   | Found a staircase to the Shoals.
 16071 | Lair:3   | Noticed Fannar
 16096 | Lair:3   | Killed Fannar
 16608 | Lair:4   | Reached ***** piety under Wu Jian
 16686 | Lair:4   | Found a viscous altar of Jiyva.
 16686 | Lair:4   | Found a staircase to the Slime Pits.
 17383 | Lair:5   | Entered Level 5 of the Lair of Beasts
 17383 | Lair:5   | Found a gate leading to a gauntlet.
 18020 | Lair:5   | Reached skill level 12 in Unarmed Combat
 18093 | Lair:5   | Reached skill level 5 in Summonings
 18113 | Lair:5   | Reached XP level 14. HP: 38/102 MP: 8/23
 18520 | Lair:5   | Found a runed translucent gate.
 18521 | Lair:5   | Found a runed translucent gate.
 18527 | Lair:5   | Found a runed translucent gate.
 19008 | Lair:5   | Noticed GrimJard's ghost (journeyman FoFi)
 19379 | Lair:5   | Identified the staff of cold "Gijeitak" {rElec rC+ Will++
                  | rCorr Str-3}
 19395 | Lair:5   | Identified the +1 leather armour of the Eight Boll Weevils
                  | {rElec rPois Will- Str+7}
 20521 | D:11     | Noticed Josephine
 20537 | D:11     | Killed Josephine
 22736 | D:13     | Reached ****** piety under Wu Jian
 23855 | Orc:1    | Entered Level 1 of the Orcish Mines
 23862 | Orc:1    | Learned a level 5 spell: Summon Forest
 23874 | Orc:1    | Paralysed by an orc sorcerer for 5 turns
 24041 | Orc:1    | Reached skill level 13 in Unarmed Combat
 24250 | Orc:1    | Found a runed translucent gate.
 24251 | Orc:1    | Found a runed translucent gate.
 24252 | Orc:1    | Found a runed translucent gate.
 24263 | Orc:1    | Noticed Wohej's ghost (journeyman DsFi)
 24263 | Orc:1    | Noticed Joaw's ghost (journeyman GrFi)
 24263 | Orc:1    | Noticed Unetz's ghost (adept VSCj)
 24450 | Orc:2    | Entered Level 2 of the Orcish Mines
 24450 | Orc:2    | Noticed Urug
 24450 | Orc:2    | Found a staircase to the Elven Halls.
 24456 | Orc:2    | Noticed Snorg
 24582 | Orc:1    | Reached skill level 1 in Translocations
 24586 | Orc:1    | HP: 2/124 [Snorg (7)]
 24587 | Orc:1    | Slain by Snorg

Illustrated notes

Levels and vault maps discovered:
D:1:      dpeg_arrival_concentric_ovals, layout_rooms, serial_shops,
          nicolae_shop_waterfront, minmay_misc_feat_enclosed
D:2:      wander_river, layout_basic, basic_altar, uniq_jessica
D:3:      minmay_angry_zag, layout_loops_ring,
          nicolae_gozag_cash_rules_everything_around_me,
          mainiacjoe_overflow_alcove_2, uniq_grinder
D:4:      layout_cave_pools, lemuel_round_altar, bloody_trog,
          minmay_fire_ice_demons, uniq_pikel
D:5:      layout_basic, vehumet_altar_wand_db, minmay_temple_entry_butterflies,
          portal_sewer_entry_a, amcnicky_mini_corridor_feature, uniq_duvessa,
          uniq_eustachio, uniq_prince_ribbit1
D:6:      layout_basic, grunt_temple_overflow_diamond, serial_aquarium,
          aquarium_bridge_square [aquarium_subvault_wall,
          aquarium_subvault_bridge, aquarium_subvault_bridge,
          aquarium_subvault_bridge], aquarium_window_fake, aquarium_window_2,
          aquarium_view_2b, aquarium_view_4, minmay_holes,
          amcnicky_mini_rare_corridor_liquid, hellmonk_bongcloud_opening,
          minmay_misc_feat_ornament
D:7:      layout_rooms, uniq_crazy_yiuf_cottage
D:8:      layout_cave_pools, mainiacjoe_overflow_tiny_flanked,
          serial_gnoll_camp, gnoll_camp_mini_house, gnoll_camp_medium_01,
          gnoll_camp_medium_02, gnoll_camp_mini_basic, uniq_maurice
D:9:      layout_rooms
D:10:     layout_irregular_city, kennysheep_little_box,
          due_lair_maze_entry_diamond, minmay_misc_feat_hallway,
          minmay_liquid_box, uniq_lodul
D:11:     layout_grid_maze, uniq_josephine
D:12:     layout_big_octagon
D:13:     layout_irregular_city, grunt_vaults_entry_fortified
Temple:   nicolae_temple_x_marks_the_god
Lair:1:   minmay_guarded_unrand_snakebite, layout_chaotic_city,
          nicolae_volcano_entry_vermiform, chequers_serial_rivers_small_b
Lair:2:   layout_cave_pods, nicolae_spider_entry_lesser_pyramids,
          gammafunk_ghost_arena, infiniplex_staircase_pool
Lair:3:   layout_roguey, minmay_shoals_entry_beasts, special_room
          [special_room_mythical_zoo], uniq_fannar
Lair:4:   layout_gridlike, minmay_slime_entry_pillars
Lair:5:   minmay_lair_end_frog_pond, layout_regular_city, gammafunk_ghost_icy,
          gauntlet_entry_generic, serial_bayou_pond_c, serial_bayou_crossing
Orc:1:    layout_diamond_mine, gammafunk_ghost_cemetery, uniq_sonja
Orc:2:    st_orc_mages, layout_caves, portal_ice_cave_entry_pillars_2,
          uniq_urug, uniq_snorg

Skill      XL: |  1  2  3  4  5  6  7  8  9 10 11 12 13 14 |
---------------+-------------------------------------------+-----
Fighting       | 2 3 4 5 7 8 9 10 11 12 | 12.6
Transmutations | 3 4 5 6 7 8 9 10 11 12 | 12.8
Ice Magic      | 1 2 3 5 6 7 9 10 | 10.0
Unarmed Combat | 4 5 6 7 8 10 11 12 13 | 13.0
Spellcasting   | 4 6 7 |  7.7
Summonings     | 2 5 7 |  7.1
Translocations | 1 |  1.0
Dodging        | |  2.0

Action                     |  1- 3 |  4- 6 |  7- 9 | 10-12 | 13-15 || total
---------------------------+-------+-------+-------+-------+-------++-------
  Melee: Unarmed           |    52 |   122 |   204 |   423 |   509 ||  1310
         Kick              |    13 |    40 |    18 |       |       ||    71
         Constrict         |    13 |    41 |    16 |     3 |     1 ||    74
         Tentacles         |     8 |    24 |     9 |     2 |     1 ||    44
         Punch             |     2 |     1 |     3 |       |       ||     6
         Staff             |       |       |       |       |     1 ||     1
  Throw: Dart              |       |     3 |       |       |       ||     3
   Cast: Beastly Appendage |    16 |    24 |    15 |       |       ||    55
         Wereblood         |     5 |    10 |    10 |    20 |     9 ||    54
         Ice Form          |       |       |    20 |    48 |    66 ||   134
         Frozen Ramparts   |       |       |       |    38 |    35 ||    73
         Summon Ice Beast  |       |       |       |       |    63 ||    63
 Invoke: Serpent's Lash    |       |       |       |     1 |     1 ||     2
Ability: Lunge             |       |       |    17 |    22 |    38 ||    77
         Whirlwind         |       |       |       |     5 |     7 ||    12
  Evoke: Wand              |       |       |    13 |    27 |    12 ||    52
    Use: Scroll            |     3 |     1 |     6 |    10 |    17 ||    37
         Potion            |       |       |     1 |     4 |     7 ||    12
   Stab: Sleeping          |     6 |       |     2 |       |       ||     8
         Distracted        |       |       |       |     1 |     4 ||     5
         Invisible         |       |       |       |       |     1 ||     1
 Armour: Skin              |     7 |     7 |    43 |   122 |   161 ||   340
  Dodge: Dodged            |    26 |    96 |    77 |   235 |   274 ||   708

Table legend: (Time is in decaauts)
 A = Elapsed time spent in this place.
 B = Non-inter-level travel time spent in this place.
 C = Inter-level travel time spent in this place.
 D = Time resting spent in this place.
 E = Time spent auto-exploring this place.
 F = Levels seen in this place.
 G = Mean time per level.
                   A        B        C        D        E       F      G
               +--------+--------+--------+--------+--------+-----+--------+
         Total |  24436 |  23011 |   1425 |   3836 |  14270 |  22 | 1110.7 |
       Dungeon |  14783 |  13746 |   1037 |   1626 |   9343 |  13 | 1137.2 |
        Temple |     15 |      9 |      6 |      0 |      0 |   1 |   15.0 |
          Lair |   8604 |   8272 |    332 |   2080 |   4431 |   5 | 1720.8 |
  Orcish Mines |    720 |    670 |     50 |    129 |    420 |   2 |  360.0 |
         Sewer |    313 |    313 |      0 |      0 |     76 |   1 |  313.0 |
               +--------+--------+--------+--------+--------+-----+--------+

Top non-repeatable levels by time:
  Lair:2: 2424 daAuts
    D:10: 1906 daAuts
  Lair:5: 1805 daAuts
     D:5: 1648 daAuts
  Lair:3: 1589 daAuts
  Lair:4: 1580 daAuts
    D:11: 1439 daAuts
     D:3: 1319 daAuts
    D:12: 1272 daAuts
  Lair:1: 1203 daAuts
     D:8: 1122 daAuts
     D:6: 1100 daAuts
     D:4: 1065 daAuts
    D:13: 1027 daAuts
     D:9: 927 daAuts
